 Dungeon Crawl Stone Soup version 0.26.0-45-g9c1d065592 (webtiles) character file.

Game seed: 13485712450773773973

242 0gre the Chiller (level 6, -2/44 HPs)
             Began as a Gnoll Ice Elementalist on Jan 29, 2021.
             Slain by Grinder (5 damage)
             ... on level 3 of the Dungeon.
             The game lasted 00:12:55 (2599 turns).

0gre the Chiller (Gnoll Ice Elementalist)           Turns: 2599, Time: 00:12:56

Health: -2/44      AC:  4    Str: 11    XL:     6   Next: 9%
Magic:  9/13       EV: 15    Int: 19    God:
Gold:   132        SH:  0    Dex: 15    Spells: 11/15 levels left

rFire    . . .     SeeInvis .   a - +2 hand axe (venom)
rCold    . . .     Faith    .   (no shield)
rNeg     . . .     Spirit   .   e - +0 robe
rPois    .         Reflect  .   v - +0 helmet
rElec    .         Harm     .   (no cloak)
rCorr    .         Rampage  .   c - +0 pair of gloves
Will     .....                  (no boots)
Stlth    +++.......             (no amulet)
HPRegen  0.14/turn              (no ring)
MPRegen  0.13/turn              (no ring)

@: frozen ramparts, attractive
A: distributed training, fangs 1, strong nose
a: no special abilities


You were on level 3 of the Dungeon.
You visited 1 branch of the dungeon, and saw 3 of its levels.

You collected 132 gold pieces.

Inventory:

Hand Weapons
 a - a +2 hand axe of venom (weapon)
 b - a +0 hunting sling
Missiles
 f - 76 stones
 i - 50 arrows
 l - 24 bolts
 s - 10 poisoned darts
 z - 2 boomerangs (quivered)
Armour
 c - a +0 pair of gloves (worn)
 e - a +0 robe (worn)
 h - a +2 ring mail of poison resistance
 v - a +0 helmet (worn)
Jewellery
 r - an uncursed amulet of faith {unknown}
Wands
 t - a wand of polymorph (4)
Scrolls
 g - 3 scrolls of identify {unknown}
 u - 2 scrolls of fog {unknown}
 y - a scroll of random uselessness {unknown}
Potions
 d - 2 potions of attraction
 j - a potion of resistance {unknown}
 k - a potion of ambrosia {unknown}
 m - a potion of magic {unknown}
 n - a potion of mutation {unknown}
 o - a potion of curing {unknown}
 p - a potion of cancellation {unknown}
 q - a potion of haste {unknown}
 w - a potion of flight {unknown}
 x - a potion of heal wounds {unknown}


   Skills:
 + Level 1.8 Fighting
 + Level 1.8 Short Blades
 + Level 1.8 Long Blades
 + Level 1.8 Axes
 + Level 1.8 Maces & Flails
 + Level 1.8 Polearms
 + Level 1.8 Staves
 + Level 1.8 Slings
 + Level 1.8 Bows
 + Level 1.8 Crossbows
 + Level 1.8 Throwing
 + Level 1.8 Armour
 + Level 4.9 Dodging
 + Level 4.5 Stealth
 + Level 1.8 Shields
 + Level 1.8 Unarmed Combat
 + Level 5.3 Spellcasting
 + Level 1.4 Conjurations
 + Level 1.4 Hexes
 + Level 1.4 Summonings
 + Level 1.4 Necromancy
 + Level 1.4 Translocations
 + Level 1.4 Transmutations
 + Level 1.4 Fire Magic
 + Level 7.2 Ice Magic
 + Level 1.4 Air Magic
 + Level 1.4 Earth Magic
 + Level 1.4 Poison Magic
 + Level 2.0 Invocations
 + Level 1.8 Evocations


You had 11 spell levels left.
You knew the following spells:

 Your Spells              Type           Power        Failure   Level
a - Freeze                Ice            100%         1%          1
b - Frozen Ramparts       Ice            64%          1%          3

Your spell library contained the following spells:

 Spells                   Type           Power        Failure   Level
 Ozocubu's Armour         Ice            32%          1%          3
 Hailstorm                Conj/Ice       21%          21%         4
 Summon Ice Beast         Ice/Summ       21%          21%         4


Dungeon Overview and Level Annotations

Branches:
Dungeon (3/15)

Altars:
Dithmenos
Nemelex Xobeh
Wu Jian

Annotations:
D:3 Grinder


Innate Abilities, Weirdness & Mutations

Your experience applies equally to all skills.
You have very sharp teeth.
Your uncanny sense of smell can sniff out nearby items.


Message History

Grinder is moderately wounded.
Grinder completely resists.
The wall freezes Grinder but does no damage.
Grinder hits you!
* * * LOW HITPOINT WARNING * * *
You writhe in agony.
* * * LOW HITPOINT WARNING * * *
It was a potion of attraction.
You feel attractive to monsters.
Grinder completely resists.
The wall freezes Grinder but does no damage.
Grinder misses you.
You hit Grinder.
Grinder is heavily wounded.
Grinder completely resists.
The wall freezes Grinder but does no damage.
Grinder hits you.
* * * LOW HITPOINT WARNING * * *
You writhe in agony.
You die...

#..#.# #.#
......# #..
###..### ###.
#..# .# #..# #
#.####..###
#....?....#####
#5........
#@##.##### #.#
# #.###
######.# #....
#...##.# #.###
##§#..#.# #....
##§§§#...#
#####
#§#§#.#.##
§§§_§§§.#
§#§#§###


You could see Grinder.

Vanquished Creatures
  A scorpion (D:3)
  Ijyb (D:2)
  An orc wizard (D:3)
  5 adders
  An ooze (D:1)
  3 worms (D:2)
  2 dart slugs (D:1)
  A leopard gecko (D:1)
  8 orcs (D:3)
  A ball python (D:3)
  5 giant cockroaches
  11 goblins
  4 hobgoblins
  4 jackals (D:2)
  4 kobolds
  A quokka (D:3)
  7 bats
  3 frilled lizards
  7 rats
70 creatures vanquished.

Notes
Turn   | Place    | Note
-------+----------+-------------------------------------------
     0 | D:1      | 0gre the Gnoll Ice Elementalist began the quest for the
                  | Orb.
     0 | D:1      | Reached XP level 1. HP: 13/13 MP: 6/6
   117 | D:1      | Reached XP level 2. HP: 19/19 MP: 7/7
   421 | D:1      | You fall into a shaft and drop 1 floor!
   642 | D:1      | Reached XP level 3. HP: 23/25 MP: 9/9
   646 | D:1      | Learned a level 3 spell: Frozen Ramparts
   851 | D:1      | Reached skill level 5 in Spellcasting
   930 | D:2      | Reached skill level 1 in Invocations
  1118 | D:2      | Found an ornate altar of the Wu Jian Council.
  1214 | D:2      | Reached skill level 1 in Fighting
  1214 | D:2      | Reached skill level 1 in Short Blades
  1214 | D:2      | Reached skill level 1 in Long Blades
  1214 | D:2      | Reached skill level 1 in Axes
  1214 | D:2      | Reached skill level 1 in Maces & Flails
  1214 | D:2      | Reached skill level 1 in Polearms
  1214 | D:2      | Reached skill level 1 in Staves
  1214 | D:2      | Reached skill level 1 in Slings
  1214 | D:2      | Reached skill level 1 in Bows
  1214 | D:2      | Reached skill level 1 in Crossbows
  1214 | D:2      | Reached skill level 1 in Throwing
  1214 | D:2      | Reached skill level 1 in Armour
  1214 | D:2      | Reached skill level 1 in Shields
  1214 | D:2      | Reached skill level 1 in Unarmed Combat
  1214 | D:2      | Reached skill level 1 in Evocations
  1242 | D:2      | Noticed Ijyb
  1244 | D:2      | Reached XP level 4. HP: 32/32 MP: 7/11
  1249 | D:2      | Killed Ijyb
  1258 | D:2      | Reached skill level 1 in Conjurations
  1258 | D:2      | Reached skill level 1 in Hexes
  1258 | D:2      | Reached skill level 1 in Summonings
  1258 | D:2      | Reached skill level 1 in Necromancy
  1258 | D:2      | Reached skill level 1 in Translocations
  1258 | D:2      | Reached skill level 1 in Transmutations
  1258 | D:2      | Reached skill level 1 in Fire Magic
  1258 | D:2      | Reached skill level 1 in Air Magic
  1258 | D:2      | Reached skill level 1 in Earth Magic
  1258 | D:2      | Reached skill level 1 in Poison Magic
  1649 | D:2      | Found a sparkling altar of Nemelex Xobeh.
  1893 | D:3      | Reached XP level 5. HP: 37/37 MP: 10/12
  2422 | D:3      | Reached XP level 6. HP: 37/44 MP: 9/13
  2565 | D:3      | Found a shadowy altar of Dithmenos.
  2581 | D:3      | Noticed Grinder
  2590 | D:3      | Paralysed by Grinder for 5 turns
  2599 | D:3      | Slain by Grinder

Illustrated notes

Levels and vault maps discovered:
D:1:      minmay_arrival_wavy_path, layout_loops_ring
D:2:      kennysheep_the_goblin_king, layout_basic, overflow_temple_1_default,
          lemuel_crystal_altar
D:3:      layout_loops_ring, grunt_dithmenos_smoke_and_mirrors, uniq_grinder

Skill      XL: |  1  2  3  4  5 |
---------------+----------------+-----
Spellcasting   | 5 |  5.3
Invocations    | 1 2 |  2.0
Fighting       | 1 |  1.8
Short Blades   | 1 |  1.8
Long Blades    | 1 |  1.8
Axes           | 1 |  1.8
Maces & Flails | 1 |  1.8
Polearms       | 1 |  1.8
Staves         | 1 |  1.8
Slings         | 1 |  1.8
Bows           | 1 |  1.8
Crossbows      | 1 |  1.8
Throwing       | 1 |  1.8
Armour         | 1 |  1.8
Shields        | 1 |  1.8
Unarmed Combat | 1 |  1.8
Evocations     | 1 |  1.8
Conjurations   | 1 |  1.4
Hexes          | 1 |  1.4
Summonings     | 1 |  1.4
Necromancy     | 1 |  1.4
Translocations | 1 |  1.4
Transmutations | 1 |  1.4
Fire Magic     | 1 |  1.4
Air Magic      | 1 |  1.4
Earth Magic    | 1 |  1.4
Poison Magic   | 1 |  1.4
Dodging        | |  4.9
Stealth        | |  4.5
Ice Magic      | |  7.2

Action                   |  1- 3 |  4- 6 || total
-------------------------+-------+-------++-------
Melee: Club              |     4 |       ||     4
       Short sword       |    35 |       ||    35
       Bite              |     2 |     2 ||     4
       Hand axe          |     1 |    39 ||    40
       Unarmed           |       |     2 ||     2
 Fire: Hunting sling     |    29 |    49 ||    78
Throw: Dart              |       |    10 ||    10
 Cast: Freeze            |     9 |     7 ||    16
       Frozen Ramparts   |     3 |     7 ||    10
  Use: Potion            |       |     1 ||     1
 Stab: Sleeping          |     3 |     4 ||     7
Armor: Robe              |    10 |     7 ||    17
Dodge: Dodged            |    27 |    49 ||    76
